 Dungeon Crawl Stone Soup version 0.23.2-40-g277498a001 (webtiles) character file.

Game seed: 6160654692899746293

17 Hylith the Shield-Bearer (level 2, 0/19 HPs)
             Began as a Gargoyle Fighter on Aug 13, 2019.
             Slain by an orc
             ... wielding a +0 hand axe
              (2 damage)
             ... on level 2 of the Dungeon.
             The game lasted 00:01:27 (854 turns).

Hylith the Shield-Bearer (Gargoyle Fighter)          Turns: 854, Time: 00:01:27

Health: 0/19       AC:  9    Str: 24    XL:     2   Next: 62%
Magic:  2/2        EV:  7    Int:  8    God:
Gold:   67         SH:  9    Dex:  9    Spells: 1/1 levels left

rFire    . . .     SeeInvis .   a - +0 flail
rCold    + . .     Gourm    .   c - +0 shield
rNeg     + . .     Faith    .   b - +0 scale mail
rPois    ∞         Spirit   .   (no helmet)
rElec    +         Reflect  .   (no cloak)
rCorr    .         Harm     .   (no gloves)
MR       .....                  (no boots)
Stlth    ..........             (no amulet)
HPRegen  0.06/turn              i - ring of protection from cold
MPRegen  0.08/turn              (no ring)

@: mighty
A: negative energy resistance 1, electricity resistance, unbreathing,
petrification resistance, rot immunity, AC +2
a: no special abilities


You were on level 2 of the Dungeon.
You were not hungry.

You visited 1 branch of the dungeon, and saw 2 of its levels.

You collected 67 gold pieces.

Inventory:

Hand Weapons
 a - a +0 flail (weapon)
Armour
 b - a +0 scale mail (worn)
 c - a +0 shield (worn)
Jewellery
 i - a ring of protection from cold (left hand)
Scrolls
 e - 3 scrolls of teleportation {unknown}
 g - a scroll of identify {unknown}
 h - a scroll of blinking {unknown}
 j - 2 scrolls of enchant armour {unknown}
 n - a scroll of noise {unknown}
Potions
 k - a potion of curing {unknown}
 l - a potion of brilliance {unknown}
 o - a potion of mutation {unknown}
Comestibles
 f - 4 rations
 m - 2 chunks of flesh


   Skills:
 - Level 3.2 Fighting
 - Level 2.0 Maces & Flails
 + Level 3.6 Armour
 - Level 4.0 Shields


You had one spell level left.
You didn't know any spells.
Your spell library was empty.

Dungeon Overview and Level Annotations

Branches:
Dungeon (2/15)

Altars:


Innate Abilities, Weirdness & Mutations

You are resistant to torment.
Your stone body is resilient. (AC +2)
You are immune to poison.
You resist negative energy. (rN+)
You are resistant to electric shocks. (rElec)
You can survive without breathing.
You are immune to petrification.
You are immune to rotting.


Message History

You are too injured to fight recklessly!
You are too injured to fight recklessly!
You are too injured to fight recklessly!
You are too injured to fight recklessly!
You are too injured to fight recklessly!
You are too injured to fight recklessly!
You are too injured to fight recklessly!
You are too injured to fight recklessly!
You feel very mighty all of a sudden.
The orc priest casts a cantrip, but nothing happens.
The orc wizard hits you but does no damage.
An orc comes into view.
You barely miss the orc wizard.
The orc wizard hits you but does no damage.
You closely miss the orc wizard.
The orc wizard gestures at you while chanting.
The magic dart hits you.
* * * LOW HITPOINT WARNING * * *
You block the orc's attack. The orc hits you with a +0 hand axe.
You die...

# ##
.#........>.....# ..
...# #..............#
..
.#...#..............#
..
....................#
..
..####.............#
.......
#.)..........## ...
..[ ####÷...........#
.. ..#
##.#.###.#######. #.
#.# #.#.## #@o#
##.##.# ##.#.# #.o.#
.#..#.###.#.##
#so.... .##......####
...###... ..#......#
.... ## .......^.#
...### ##...........
...#
#..#...........###
#....##......#


You could see an orc priest, an orc wizard, an orc and a giant cockroach.

Vanquished Creatures
  A leopard gecko (D:2)
  5 bats (D:1)
  A giant cockroach (D:2)
  2 goblins
  A hobgoblin (D:1)
  4 kobolds
  3 rats
17 creatures vanquished.

Notes
Turn   | Place    | Note
-------+----------+-------------------------------------------
     0 | D:1      | Hylith the Gargoyle Fighter began the quest for the Orb.
     0 | D:1      | Reached XP level 1. HP: 14/14 MP: 1/1
   200 | D:1      | Reached XP level 2. HP: 16/19 MP: 2/2
   762 | D:2      | Reached skill level 4 in Shields
   854 | D:2      | Slain by an orc

Skill      XL: |  1  2 |
---------------+-------+-----
Shields        | 4 |  4.0
Fighting       | |  3.2
Maces & Flails | |  2.0
Armour         | |  3.6

Action                   || total
-------------------------++-------
Melee: Flail             ||    63
  Use: Potion            ||     1
Armor: Scale mail        ||    52
Dodge: Dodged            ||    24
Block: Shield            ||    40
